TOP OF THE 1ST |
Havana Rollers batting - Pitching for Allentown Hillbillies : RHP Carlos García
|
Pitching: RHP Carlos García
|
|
Batting: RHB Jesús Villalobos
|
0-0: Foul Ball, location: 2F 0-1: Ball 1-1: Foul Ball, location: 2F 1-2: Ball 2-2: Ball 3-2: Base on Balls
|
Batting: RHB Francisco Rincón
|
0-0: Ball 1-0: Ball 2-0: Ball 3-0: Base on Balls Jesús Villalobos to second
|
Batting: RHB Paul Bailey
|
0-0: Ground out 3-1 (Groundball, 3S) Jesús Villalobos to third Francisco Rincón to second
|
Batting: LHB Zhi-huan Loong
|
0-0: Ball 1-0: Ball 2-0: Called Strike 2-1: Ball 3-1: Base on Balls
|
Batting: SHB Yasuhiro Ikarashi
|
0-0: Called Strike 0-1: Foul Ball, location: 2F 0-2: Ball 1-2: Strikes out swinging
|
Batting: RHB Mitsuharu Matsumoto
|
0-0: Called Strike 0-1: Foul Ball, location: 2F 0-2: Ball 1-2: Ball 2-2: Ball 3-2: Foul Ball, location: 2F 3-2: Strikes out swinging
|
Top of the 1st over - 0 run(s), 0 hit(s), 0 error(s), 3 left on base; Havana 0 - Allentown 0 |
BOTTOM OF THE 1ST |
Allentown Hillbillies batting - Pitching for Havana Rollers : LHP Dennis Taylor
|
Pitching: LHP Dennis Taylor
|
|
Batting: RHB Dan Banks
|
0-0: Called Strike 0-1: Swinging Strike 0-2: Ball 1-2: Fly out, F8 (Flyball, 8RS)
|
Batting: RHB Bartolo López
|
0-0: DOUBLE (Line Drive, 89D)
|
Batting: RHB António Yánez
|
0-0: Foul Ball, location: 2F 0-1: Fly out, F5 (Line Drive, 5)
|
Batting: RHB Diego Rivera
|
0-0: Called Strike 0-1: Ball 1-1: 2-RUN HOME RUN (Flyball, 89XD), Distance : 397 ft
|
Batting: RHB José Mora
|
0-0: Swinging Strike 0-1: Called Strike 0-2: Ball 1-2: Strikes out looking
|
Bottom of the 1st over - 2 run(s), 2 hit(s), 0 error(s), 0 left on base; Havana 0 - Allentown 2 |
TOP OF THE 2ND |
Havana Rollers batting - Pitching for Allentown Hillbillies : RHP Carlos García
|
Batting: RHB Brian Jackson
|
0-0: Ground out 4-3 (Groundball, 4S)
|
Batting: RHB León Rivera
|
0-0: Foul Ball, location: 2F 0-1: SINGLE (Groundball, 56D)
|
Batting: LHB Enrique Cortéz
|
0-0: Ball León Rivera steals 2nd base 1-0: Foul Ball, location: 2F 1-1: Swinging Strike 1-2: Strikes out swinging
|
Batting: RHB Jesús Villalobos
|
0-0: Called Strike 0-1: Ball 1-1: Ground out 5-3 (Groundball, 56S)
|
Top of the 2nd over - 0 run(s), 1 hit(s), 0 error(s), 1 left on base; Havana 0 - Allentown 2 |
BOTTOM OF THE 2ND |
Allentown Hillbillies batting - Pitching for Havana Rollers : LHP Dennis Taylor
|
Batting: RHB Justin Harris
|
0-0: Ball 1-0: Called Strike 1-1: Ball 2-1: SINGLE (Flyball, 7LS)
|
Batting: LHB John Hudson
|
0-0: Ball 1-0: Ball 2-0: Called Strike 2-1: Ball 3-1: Foul Ball, location: 2F 3-2: Base on Balls Justin Harris to second
|
Batting: LHB Rafael Flores
|
0-0: Fly out, F7 (Flyball, 7D) Runner from 2nd tags up, SAFE at 3rd, no throw
|
Batting: RHB Joel Jackson
|
0-0: Grounds into double play, 6-4-3 (Groundball, 6)
|
Bottom of the 2nd over - 0 run(s), 1 hit(s), 0 error(s), 1 left on base; Havana 0 - Allentown 2 |
TOP OF THE 3RD |
Havana Rollers batting - Pitching for Allentown Hillbillies : RHP Carlos García
|
Batting: RHB Francisco Rincón
|
0-0: Ball 1-0: Called Strike 1-1: Foul Ball, location: 2F 1-2: Ball 2-2: Ball 3-2: Ground out U3 (Groundball, 34)
|
Batting: RHB Paul Bailey
|
0-0: Fly out, F8 (Flyball, 89M)
|
Batting: LHB Zhi-huan Loong
|
0-0: Ball 1-0: Ball 2-0: Ball 3-0: Base on Balls
|
Batting: SHB Yasuhiro Ikarashi
|
0-0: Called Strike 0-1: Foul Ball, location: 2F 0-2: Ball 1-2: SINGLE (Flyball, 78S) Zhi-huan Loong to second
|
Batting: RHB Mitsuharu Matsumoto
|
0-0: Ball 1-0: Ground out 5-3 (Groundball, 5S)
|
Top of the 3rd over - 0 run(s), 1 hit(s), 0 error(s), 2 left on base; Havana 0 - Allentown 2 |
BOTTOM OF THE 3RD |
Allentown Hillbillies batting - Pitching for Havana Rollers : LHP Dennis Taylor
|
Batting: RHB Dan Banks
|
0-0: Ground out 4-3 (Groundball, 4S)
|
Batting: RHB Bartolo López
|
0-0: Ball 1-0: Ball 2-0: Foul Ball, location: 2F 2-1: Ball 3-1: Fly out, F8 (Flyball, 8RS)
|
Batting: RHB António Yánez
|
0-0: Called Strike 0-1: Called Strike 0-2: Ball 1-2: Foul Ball, location: 2F 1-2: Ball 2-2: Ball 3-2: DOUBLE (Flyball, 8RD)
|
Batting: RHB Diego Rivera
|
0-0: Ball 1-0: Ball 2-0: Called Strike 2-1: Ball 3-1: Base on Balls
|
Batting: RHB José Mora
|
0-0: Foul Ball, location: 2F 0-1: 3-RUN HOME RUN (Flyball, 78XD), Distance : 389 ft
|
Batting: RHB Justin Harris
|
0-0: Called Strike 0-1: DOUBLE (Line Drive, 8LXD)
|
Batting: LHB John Hudson
|
0-0: Called Strike 0-1: Ball 1-1: Foul Ball, location: 2F 1-2: Foul Ball, location: 2F 1-2: Foul Ball, location: 2F 1-2: Foul Ball, location: 2F 1-2: Ball 2-2: 2-RUN HOME RUN (Flyball, 9LD), Distance : 366 ft
|
Batting: LHB Rafael Flores
|
0-0: SINGLE (Line Drive, 9LM)
|
Pitching: LHP Dave Miller
|
|
Batting: RHB Joel Jackson
|
0-0: Called Strike 0-1: Called Strike 0-2: Ball 1-2: Ball 2-2: Ball 3-2: Strikes out swinging
|
Bottom of the 3rd over - 5 run(s), 5 hit(s), 0 error(s), 1 left on base; Havana 0 - Allentown 7 |
TOP OF THE 4TH |
Havana Rollers batting - Pitching for Allentown Hillbillies : RHP Carlos García
|
Batting: RHB Brian Jackson
|
0-0: Ball 1-0: Ball 2-0: Ball 3-0: Foul Ball, location: 2F 3-1: Foul Ball, location: 2F 3-2: Strikes out looking
|
Batting: RHB León Rivera
|
0-0: Called Strike 0-1: Ball 1-1: Foul Ball, location: 2F 1-2: Ball 2-2: Ball 3-2: Foul Ball, location: 2F 3-2: Strikes out looking
|
Batting: LHB Enrique Cortéz
|
0-0: Ball 1-0: Called Strike 1-1: SINGLE (Groundball, 3D)
|
Batting: RHB Jesús Villalobos
|
0-0: Ball 1-0: Ground out 2-3 (Groundball, 2R)
|
Top of the 4th over - 0 run(s), 1 hit(s), 0 error(s), 1 left on base; Havana 0 - Allentown 7 |
BOTTOM OF THE 4TH |
Allentown Hillbillies batting - Pitching for Havana Rollers : LHP Dave Miller
|
Batting: RHB Dan Banks
|
0-0: Ball 1-0: Ball 2-0: Ball 3-0: Called Strike 3-1: Ground out 5-3 (Groundball, 56S)
|
Batting: RHB Bartolo López
|
0-0: Called Strike 0-1: Called Strike 0-2: Foul Ball, location: 2F 0-2: Ball 1-2: Ground out 5-3 (Groundball, 5L)
|
Batting: RHB António Yánez
|
0-0: Ball 1-0: Called Strike 1-1: Ball 2-1: Fly out, F9 (Flyball, 9LS)
|
Bottom of the 4th over - 0 run(s), 0 hit(s), 0 error(s), 0 left on base; Havana 0 - Allentown 7 |
TOP OF THE 5TH |
Havana Rollers batting - Pitching for Allentown Hillbillies : RHP Carlos García
|
Batting: RHB Francisco Rincón
|
0-0: Ball 1-0: Called Strike 1-1: Ball 2-1: SINGLE (Line Drive, 4)
|
Batting: RHB Paul Bailey
|
0-0: Ball 1-0: Foul Ball, location: 2F 1-1: Ball 2-1: Ball 3-1: Base on Balls Francisco Rincón to second
|
Batting: LHB Zhi-huan Loong
|
0-0: Fly out, F7 (Flyball, 78D)
|
Batting: SHB Yasuhiro Ikarashi
|
0-0: Ball 1-0: Called Strike 1-1: Foul Ball, location: 2F 1-2: Fly out, F8 (Flyball, 8LS)
|
Batting: RHB Mitsuharu Matsumoto
|
0-0: Ball 1-0: Swinging Strike 1-1: Ball 2-1: Fly out, F8 (Flyball, 8RM)
|
Top of the 5th over - 0 run(s), 1 hit(s), 0 error(s), 2 left on base; Havana 0 - Allentown 7 |
BOTTOM OF THE 5TH |
Allentown Hillbillies batting - Pitching for Havana Rollers : LHP Dave Miller
|
Batting: RHB Diego Rivera
|
0-0: Ball
|
|
|
|
1-0: Ball 2-0: Ball 3-0: Swinging Strike 3-1: Ground out 6-3 (Groundball, 6)
|
Batting: RHB José Mora
|
0-0: Foul Ball, location: 2F 0-1: Ball 1-1: Called Strike 1-2: Reached on error, E6 (Popup, 6)
|
Batting: RHB Justin Harris
|
Pickoff Throw to First - Out! 0-0: Ball 1-0: Foul Ball, location: 2F 1-1: Foul Ball, location: 2F 1-2: Ball 2-2: Strikes out swinging
|
Bottom of the 5th over - 0 run(s), 0 hit(s), 1 error(s), 0 left on base; Havana 0 - Allentown 7 |
TOP OF THE 6TH |
Havana Rollers batting - Pitching for Allentown Hillbillies : RHP Carlos García
|
Batting: RHB Brian Jackson
|
0-0: Ball 1-0: Foul Ball, location: 2F 1-1: Called Strike 1-2: Ball 2-2: SINGLE (Groundball, 4MD)
|
Pitching: RHP Jorge Ruíz
|
|
Batting: RHB León Rivera
|
0-0: Ball 1-0: Ball 2-0: Called Strike 2-1: 2-RUN HOME RUN (Flyball, 78XD), Distance : 396 ft
|
Batting: LHB Enrique Cortéz
|
0-0: Ball 1-0: Swinging Strike 1-1: Ground out 4-3 (Groundball, 4)
|
Batting: RHB Jesús Villalobos
|
0-0: Fly out, F9 (Flyball, 9S)
|
Batting: RHB Francisco Rincón
|
0-0: Ball 1-0: Ball 2-0: Ball 3-0: Called Strike 3-1: Base on Balls
|
Batting: RHB Paul Bailey
|
0-0: Ball 1-0: Called Strike 1-1: Swinging Strike 1-2: Ball 2-2: Ball 3-2: Strikes out looking
|
Top of the 6th over - 2 run(s), 2 hit(s), 0 error(s), 1 left on base; Havana 2 - Allentown 7 |
BOTTOM OF THE 6TH |
Allentown Hillbillies batting - Pitching for Havana Rollers : LHP Dave Miller
|
Batting: LHB John Hudson
|
0-0: Ball 1-0: Called Strike 1-1: Ball 2-1: Foul Ball, location: 2F 2-2: Strikes out swinging
|
Batting: LHB Rafael Flores
|
0-0: Called Strike 0-1: Ground out U3 (Groundball, 34)
|
Batting: RHB Joel Jackson
|
0-0: Ball 1-0: Reached on error, E4 (Groundball, 4)
|
Batting: RHB Dan Banks
|
0-0: Called Strike 0-1: Fly out, F8 (Flyball, 89M)
|
Bottom of the 6th over - 0 run(s), 0 hit(s), 1 error(s), 1 left on base; Havana 2 - Allentown 7 |
TOP OF THE 7TH |
Havana Rollers batting - Pitching for Allentown Hillbillies : RHP Jorge Ruíz
|
Batting: LHB Zhi-huan Loong
|
0-0: Called Strike 0-1: Ball 1-1: Ball 2-1: Ball 3-1: Base on Balls
|
Batting: SHB Yasuhiro Ikarashi
|
0-0: Ball 1-0: Ball 2-0: Ball 3-0: Base on Balls Zhi-huan Loong to second
|
Batting: RHB Mitsuharu Matsumoto
|
0-0: Called Strike 0-1: Ball 1-1: Ball 2-1: Ball 3-1: Base on Balls Zhi-huan Loong to third Yasuhiro Ikarashi to second
|
Batting: RHB Brian Jackson
|
0-0: Ball 1-0: Called Strike 1-1: Foul Ball, location: 2F 1-2: Strikes out looking
|
Pitching: RHP Pepe Fernández
|
|
Batting: RHB León Rivera
|
0-0: Called Strike 0-1: Swinging Strike 0-2: Ball 1-2: Ball 2-2: SINGLE (Groundball, 34D) Zhi-huan Loong scores Yasuhiro Ikarashi to third Mitsuharu Matsumoto to second Runner from 3rd tries for Home, SAFE, no throw
|
Pitching: LHP Emílio Trevino
|
|
Batting: LHB Enrique Cortéz
|
0-0: Swinging Strike 0-1: Ball 1-1: Foul Ball, location: 2F 1-2: Foul Ball, location: 2F 1-2: Ball 2-2: Grounds into double play, 3-6-3 (Groundball, 34)
|
Top of the 7th over - 2 run(s), 1 hit(s), 0 error(s), 1 left on base; Havana 4 - Allentown 7 |
BOTTOM OF THE 7TH |
Allentown Hillbillies batting - Pitching for Havana Rollers : LHP Dave Miller
|
Pitching: RHP Ron Henningar
|
|
Batting: RHB Bartolo López
|
0-0: Called Strike 0-1: Ball 1-1: Ball 2-1: Called Strike 2-2: Ball 3-2: DOUBLE (Line Drive, 7LM)
|
Batting: RHB António Yánez
|
0-0: Ball 1-0: Ball 2-0: Ball 3-0: Base on Balls
|
Batting: RHB Diego Rivera
|
0-0: Ball 1-0: Ball Passed Ball! Bartolo López to third António Yánez to second 2-0: Ball 3-0: Base on Balls
|
Batting: RHB José Mora
|
0-0: Ball 1-0: Foul Ball, location: 2F 1-1: Ball 2-1: Ball 3-1: DOUBLE (Line Drive, 8LD) Bartolo López scores António Yánez scores Diego Rivera to third Runner from 3rd tries for Home, SAFE, no throw
|
Pitching: RHP José Ramírez
|
|
Batting: RHB Justin Harris
|
0-0: Called Strike 0-1: Fly out, F8 (Line Drive, 8RM)
|
Batting: LHB John Hudson
|
0-0: Ball 1-0: Called Strike 1-1: Swinging Strike 1-2: Ball 2-2: Fly out, F7 (Flyball, 78S) Lined into DP, 7-4 (Flyball, 78S)
|
Bottom of the 7th over - 3 run(s), 2 hit(s), 0 error(s), 0 left on base; Havana 4 - Allentown 10 |
TOP OF THE 8TH |
Havana Rollers batting - Pitching for Allentown Hillbillies : LHP Emílio Trevino
|
Pitching: LHP Alejandro Castillo
|
|
Batting: RHB Jesús Villalobos
|
0-0: Ball 1-0: Foul Ball, location: 2F 1-1: Ball 2-1: Called Strike 2-2: Ball 3-2: Fly out, F9 (Flyball, 89M)
|
Batting: RHB Francisco Rincón
|
0-0: Called Strike 0-1: Foul Ball, location: 2F 0-2: Ball 1-2: SINGLE (Line Drive, 8LS)
|
Batting: RHB Paul Bailey
|
0-0: Called Strike 0-1: Ball 1-1: Foul Ball, location: 2F 1-2: Ball 2-2: Ground out U3 (Groundball, 34S) Francisco Rincón to second
|
Batting: LHB Zhi-huan Loong
|
0-0: Ball 1-0: Called Strike 1-1: Ball 2-1: Swinging Strike 2-2: Ball 3-2: Base on Balls
|
Batting: SHB Yasuhiro Ikarashi
|
0-0: Ball 1-0: Ball 2-0: Ball 3-0: Base on Balls Francisco Rincón to third Zhi-huan Loong to second
|
Batting: RHB Mitsuharu Matsumoto
|
0-0: Fly out, F5 (Line Drive, 56)
|
Top of the 8th over - 0 run(s), 1 hit(s), 0 error(s), 3 left on base; Havana 4 - Allentown 10 |
BOTTOM OF THE 8TH |
Allentown Hillbillies batting - Pitching for Havana Rollers : RHP José Ramírez
|
Batting: LHB Rafael Flores
|
0-0: Called Strike 0-1: Ball 1-1: Swinging Strike 1-2: Ball 2-2: Ball 3-2: Fly out, F9 (Line Drive, 9D)
|
Batting: RHB Joel Jackson
|
0-0: Called Strike 0-1: Swinging Strike 0-2: Ball 1-2: Ball 2-2: SINGLE (Line Drive, 6M)
|
Batting: RHB Dan Banks
|
0-0: Ball Pickoff Throw to First - Out! 1-0: SINGLE (Line Drive, 7LS)
|
Batting: RHB Bartolo López
|
0-0: Ball Dan Banks is caught stealing 2nd base
|
Bottom of the 8th over - 0 run(s), 2 hit(s), 0 error(s), 0 left on base; Havana 4 - Allentown 10 |
TOP OF THE 9TH |
Havana Rollers batting - Pitching for Allentown Hillbillies : LHP Alejandro Castillo
|
Batting: RHB Brian Jackson
|
0-0: Called Strike 0-1: Ball 1-1: Called Strike 1-2: Strikes out swinging
|
Batting: RHB León Rivera
|
0-0: Ball 1-0: SINGLE (Line Drive, 4MD)
|
Pitching: LHP Dan Rogers
|
|
Batting: LHB Enrique Cortéz
|
0-0: Ball 1-0: SINGLE (Groundball, 6MD) León Rivera to second
|
Batting: RHB Jesús Villalobos
|
0-0: Ball 1-0: Swinging Strike 1-1: Ball 2-1: Swinging Strike 2-2: Ball 3-2: Base on Balls León Rivera to third Enrique Cortéz to second
|
Batting: RHB Francisco Rincón
|
0-0: Ball 1-0: Swinging Strike 1-1: Ball 2-1: Ball 3-1: Grounds into double play, 6-4-3 (Groundball, 6)
|
Top of the 9th over - 0 run(s), 2 hit(s), 0 error(s), 2 left on base; Havana 4 - Allentown 10 |
|
Tuesday, August 8th, 2017 - OOTP Baseball 17.12 Build 75
|
|